 Dungeon Crawl Stone Soup version 0.25-a0-404-gc1b5a34292 (webtiles) character file.

Game seed: 6151737046331519430, levelgen mode: deterministic

2471 Essalna the Zephyrmancer (level 9, 0/52 HPs)
             Began as a Tengu Air Elementalist on Jan 11, 2020.
             Was an Initiate of Vehumet.
             Slain by a killer bee (6 damage)
             ... on level 7 of the Dungeon.
             The game lasted 00:24:27 (7418 turns).

Essalna the Zephyrmancer (Tengu Air Elementalist)   Turns: 7418, Time: 00:24:27

Health: 0/52       AC:  9    Str:  8    XL:     9   Next: 51%
Magic:  18/25      EV:  8    Int: 18    God:    Vehumet [......]
Gold:   283        SH:  0    Dex: 16    Spells: 11/17 levels left

rFire    . . .     SeeInvis .   n - +1 whip (venom)
rCold    . . .     Gourm    .   (no shield)
rNeg     . . .     Faith    .   u - +3 leather armour
rPois    .         Spirit   .   (helmet restricted)
rElec    .         Reflect  .   (no cloak)
rCorr    .         Harm     .   j - +2 pair of gloves
MR       .....                  (boots unavailable)
Stlth    ++........             (no amulet)
HPRegen  0.17/turn              i - ring of wizardry
MPRegen  0.19/turn              B - ring of magical power

@: lethally poisoned (0 -> -7), about to teleport, marked, very slightly
contaminated, held
A: beak, talons 3, able to fly
a: Fly, Renounce Religion


You were on level 7 of the Dungeon.
You worshipped Vehumet.
Vehumet was noncommittal.
You were not hungry.

You visited 2 branches of the dungeon, and saw 8 of its levels.

You collected 283 gold pieces.

Inventory:

Hand Weapons
 e - a +0 spear
 n - a +1 whip of venom (weapon)
Armour
 a - a +1 robe
 j - a +2 pair of gloves (worn)
 u - a +3 leather armour (worn)
 w - a +2 robe of positive energy
Jewellery
 i - a ring of wizardry (left hand)
 q - a +2 ring of dexterity
 y - an uncursed ring of flight
 B - a ring of magical power (right hand)
Wands
 b - a wand of polymorph (8)
 v - a wand of iceblast (9)
Scrolls
 g - 4 scrolls of remove curse
 l - 2 scrolls of magic mapping
 m - 2 scrolls of teleportation
 p - 2 scrolls of amnesia {unknown}
 x - a scroll of fear {unknown}
Potions
 d - a potion of cancellation {unknown}
 f - 2 potions of degeneration {unknown}
 h - 3 potions of curing
 k - 2 potions of lignification
 o - a potion of ambrosia {unknown}
 r - 2 potions of flight {unknown}
 t - a potion of invisibility {unknown}
 A - a potion of haste {unknown}
Comestibles
 c - 14 rations
 z - a chunk of flesh


   Skills:
 + Level 4.2 Fighting
 - Level 4.0 Armour
 + Level 5.3 Dodging
 - Level 2.0 Stealth
 + Level 4.5 Spellcasting
 + Level 8.4 Conjurations
 + Level 9.1 Air Magic


You had 11 spell levels left.
You knew the following spells:

 Your Spells              Type           Power        Failure   Level  Hunger
a - Shock                 Conj/Air       ####         1%          1    None
b - Swiftness             Chrm/Air       ###.....     1%          2    #......
c - Static Discharge      Conj/Air       #####...     1%          3    ###....

Your spell library contained the following spells:

 Spells                   Type           Power        Failure   Level  Hunger
 Airstrike                Air            #####.....   1%          4    ####...
 Lightning Bolt           Conj/Air       #####.....   6%          5    ######.


Dungeon Overview and Level Annotations

Branches:
Dungeon (7/15)             Temple (1/1) D:5

Altars:
Cheibriados
Fedhas
Gozag
Hepliaklqana
Kikubaaqudgha
Nemelex Xobeh
Okawaru
Qazlal
Ru
Sif Muna
Trog
Uskayaw
Vehumet
Wu Jian
Yredelemnul
Zin

Shops:
D:6 %

Annotations:
D:7 Harold


Innate Abilities, Weirdness & Mutations

You have a beak for a mouth.
You have claws for feet.
You can fly continuously.


Message History

The killer bee stings you but does no damage. x2
The killer bee stings you.
* * * LOW HITPOINT WARNING * * *
The killer bee stings you but does no damage. x2
The adder bites you but does no damage. The killer bee barely misses you.
The killer bee stings you but does no damage.
The killer bee stings you.
* * * LOW HITPOINT WARNING * * *
The killer bee stings you but does no damage.
The adder bites you.
* * * LOW HITPOINT WARNING * * *
You are lethally poisoned!
The adder poisons you! The killer bee closely misses you.
You feel better. The killer bee stings you.
* * * LOW HITPOINT WARNING * * *
You are lethally poisoned!
The killer bee poisons you! The killer bee stings you.
* * * LOW HITPOINT WARNING * * *
The killer bee stings you.
You die...

.....[...!.........#
.....##..?Y............#
:....##....)...........#
.......................#
.......F.........##.####
.................##.#
.................##.#
.[....Syy........##.####
.....yy@S@##.....#......
.##...yy..##.....#......
#..............#......
#...............#..)...
#...........#.####'####
#.?....###### #'####
#.....># #....# #......#
#....# #....#


You could see Harold, an ice beast, a bullfrog, 6 killer bees and 2 adders.

Vanquished Creatures
  Pikel (D:4)
  Grinder (D:6)
  4 slaves (D:4)
  An ice beast (D:4)
  A sky beast (D:6)
  2 orc warriors
  3 ogres
  2 bullfrogs
  A scorpion (D:5)
  A howler monkey (D:4)
  A crimson imp (D:5)
  4 orc priests
  4 hounds
  A jelly (D:3)
  8 orc wizards
  An iron imp (D:5)
  Natasha (thrice) (D:3)
  4 worker ants
  A worker ant zombie (D:6)
  Robin (D:4)
  A gnoll (D:1)
  8 adders
  An adder zombie (D:6)
  3 worms
  2 dart slugs (D:2)
  8 leopard geckos
  21 orcs
  6 bats
  7 giant cockroaches
  15 goblins
  10 hobgoblins
  7 jackals
  5 kobolds
  A quokka (D:4)
  2 ball pythons
  3 frilled lizards
  A leopard gecko skeleton (D:4)
  2 rats (D:1)
148 creatures vanquished.

Notes
Turn   | Place    | Note
-------+----------+-------------------------------------------
     0 | D:1      | Essalna the Tengu Air Elementalist began the quest for the
                  | Orb.
     0 | D:1      | Reached XP level 1. HP: 10/10 MP: 4/4
   167 | D:1      | Reached XP level 2. HP: 15/15 MP: 3/6
   508 | D:1      | Reached XP level 3. HP: 8/19 MP: 0/7
  1429 | D:2      | Reached skill level 5 in Air Magic
  1596 | D:2      | Learned a level 2 spell: Swiftness
  1600 | D:2      | Learned a level 3 spell: Static Discharge
  1866 | D:2      | Reached XP level 4. HP: 24/24 MP: 3/8
  2517 | D:3      | Noticed Natasha
  2523 | D:3      | Killed Natasha
  2523 | D:3      | Reached skill level 6 in Air Magic
  2523 | D:3      | Gained mutation: You can fly continuously. [Tengu growth]
  2523 | D:3      | Reached XP level 5. HP: 28/28 MP: 2/9
  2608 | D:3      | Noticed an ogre
  2614 | D:3      | Killed an ogre
  2614 | D:3      | Reached skill level 5 in Conjurations
  2635 | D:3      | Reached XP level 6. HP: 32/32 MP: 1/10
  2800 | D:3      | Noticed Natasha
  2805 | D:3      | Killed Natasha
  2805 | D:3      | Reached skill level 7 in Air Magic
  2821 | D:3      | Noticed Natasha
  2827 | D:3      | Killed Natasha
  3289 | D:4      | Reached skill level 1 in Fighting
  3289 | D:4      | Reached skill level 1 in Armour
  3289 | D:4      | Reached XP level 7. HP: 38/38 MP: 0/11
  3302 | D:4      | Noticed Robin
  3381 | D:4      | Killed Robin
  3833 | D:4      | Found an iron altar of Okawaru.
  3980 | D:4      | Noticed Pikel
  3991 | D:4      | Killed Pikel
  3991 | D:4      | Reached XP level 8. HP: 18/45 MP: 1/13
  4181 | D:4      | Reached skill level 8 in Air Magic
  4627 | D:5      | Entered Level 5 of the Dungeon
  5163 | D:5      | Found a snail-covered altar of Cheibriados.
  5637 | D:5      | Found a staircase to the Ecumenical Temple.
  5644 | Temple   | Entered the Ecumenical Temple
  5659 | Temple   | Became a worshipper of Vehumet
  5896 | D:6      | Noticed Grinder
  5903 | D:6      | Killed Grinder
  5903 | D:6      | Reached XP level 9. HP: 40/51 MP: 3/16
  6256 | D:6      | Found Gicer's Food Emporium.
  6319 | D:6      | Reached skill level 5 in Dodging
  7005 | D:7      | Reached skill level 9 in Air Magic
  7407 | D:7      | Noticed Harold
  7417 | D:7      | HP: 1/52 [adder (3)]
  7418 | D:7      | Slain by a killer bee

Levels and vault maps discovered:
D:1:      dpeg_arrival_stone_temple_mockup, layout_basic, minivault_24
D:2:      layout_basic
D:3:      layout_rooms, first_ration, uniq_natasha
D:4:      layout_basic, okawaru_trees_2, uniq_pikel, uniq_robin
D:5:      layout_gridville, minmay_temple_entry_overgrown, chei_slow_surprise
D:6:      layout_loops_ring, serial_shops, shop, minmay_misc_feat_diagonals,
          glass_columns_b, uniq_grinder
D:7:      layout_basic, basic_altar, uniq_harold, uniq_crazy_yiuf_cottage,
          uniq_prince_ribbit1
Temple:   dpeg_three_leaves_temple

Skill      XL: |  1  2  3  4  5  6  7  8  9 |
---------------+----------------------------+-----
Conjurations   | 2 3 4 5 6 7 8 |  8.4
Air Magic      | 5 6 7 8 9 |  9.1
Fighting       | 1 2 3 4 |  4.2
Armour         | 1 2 4 |  4.0
Dodging        | 3 4 5 |  5.3
Spellcasting   | 3 4 |  4.5
Stealth        | |  2.0

Action                   |  1- 3 |  4- 6 |  7- 9 || total
-------------------------+-------+-------+-------++-------
Melee: Unarmed           |     4 |       |       ||     4
       Peck              |     1 |     1 |    10 ||    12
       Spear             |    11 |    12 |       ||    23
       Kick              |     1 |     3 |    22 ||    26
       Whip              |       |     5 |    68 ||    73
 Cast: Shock             |    67 |    94 |   174 ||   335
       Static Discharge  |       |     2 |    21 ||    23
       Swiftness         |       |       |     1 ||     1
  Use: Scroll            |       |     9 |     2 ||    11
       Potion            |       |       |     3 ||     3
 Stab: Sleeping          |     1 |       |       ||     1
  Eat: Chunk             |     4 |     6 |    15 ||    25
Armor: Robe              |    18 |    11 |     1 ||    30
       Leather armour    |       |       |    31 ||    31
Dodge: Dodged            |    34 |    29 |    62 ||   125

Table legend:
 A = Non-vault XP
 B = Vault XP
 C = Vault XP percentage of total XP
 D = Non-vault monster count
 E = Vault monster count
 F = Vault count percentage of total count
                 A         B        C        D         E       F
            +---------+---------+-------+---------+---------+-------
      Total |    2452 |    1079 |  30.6 |     128 |      16 |  11.1
            +---------+---------+-------+---------+---------+-------
        D:1 |      43 |       0 |   0.0 |      17 |       0 |   0.0
        D:2 |     115 |       0 |   0.0 |      28 |       0 |   0.0
        D:3 |     278 |      35 |  11.2 |      21 |       1 |   4.5
        D:4 |     626 |     733 |  53.9 |      21 |      13 |  38.2
        D:5 |     450 |      39 |   8.0 |      20 |       1 |   4.8
        D:6 |     525 |     272 |  34.1 |      14 |       1 |   6.7
        D:7 |     415 |       0 |   0.0 |       7 |       0 |   0.0
            +---------+---------+-------+---------+---------+-------
